 Dungeon Crawl Stone Soup version 0.25.1-2-g60ff931df9 (webtiles) character file.

Game seed: 12903820662087697902

3831 soggyman666 the Cleaver (level 9, -3/80 HPs)
             Began as a Minotaur Fighter on Nov 4, 2020.
             Was a Priest of Trog.
             Slain by Ndrwtcm's ghost (12 damage)
             ... on level 8 of the Dungeon.
             The game lasted 00:26:55 (7181 turns).

soggyman666 the Cleaver (Minotaur Fighter)          Turns: 7181, Time: 00:26:56

Health: -3/80      AC: 19    Str: 24    XL:     9   Next: 98%
Magic:  10/10      EV:  6    Int:  5    God:    Trog [***...]
Gold:   462        SH: 12    Dex: 10    Spells: 8/8 levels left

rFire    . . .     SeeInvis .   a - +1 war axe
rCold    + . .     Gourm    .   c - +1 kite shield
rNeg     . . .     Faith    .   p - +0 plate armour
rPois    .         Spirit   .   (helmet restricted)
rElec    .         Reflect  .   B - +1 cloak
rCorr    .         Harm     .   (no gloves)
MR       .....                  (no boots)
Stlth    ..........             d - amulet of the acrobat
HPRegen  0.23/turn              r - +4 ring of protection
MPRegen  0.12/turn              E - ring of protection from cold

@: berserk cooldown, slowed, very slow
A: retaliatory headbutt, horns 2
a: Berserk, Trog's Hand, Renounce Religion


You were on level 8 of the Dungeon.
You worshipped Trog.
Trog was most pleased with you.
You were very hungry.

You visited 2 branches of the dungeon, and saw 9 of its levels.
You also visited: Ossuary.

You collected 462 gold pieces.

Inventory:

Hand Weapons
 a - a +1 war axe (weapon)
Armour
 b - a scarf of resistance
 c - a +1 kite shield (worn)
 p - a +0 plate armour (worn)
 A - a +0 ring mail of poison resistance
 B - a +1 cloak (worn)
Jewellery
 d - an amulet of the acrobat (around neck)
 r - a +4 ring of protection (left hand)
 D - an uncursed amulet of regeneration
 E - a ring of protection from cold (right hand)
 F - an uncursed ring of resist corrosion
Wands
 l - a wand of flame (30)
Scrolls
 e - 4 scrolls of remove curse
 g - 3 scrolls of teleportation
 i - a scroll of blinking
 k - 5 scrolls of enchant armour
 o - 2 scrolls of noise
 v - 2 scrolls of enchant weapon
 w - 3 scrolls of amnesia
 x - 2 scrolls of fog {unknown}
 y - 2 scrolls of holy word
 z - a scroll of magic mapping {unknown}
 G - a scroll of fear
Potions
 h - 6 potions of curing
 j - a potion of invisibility
 n - 3 potions of might
 q - a potion of ambrosia
 s - a potion of heal wounds
 t - 3 potions of flight
 u - a potion of stabbing
Comestibles
 f - 24 rations


   Skills:
 + Level 7.7 Fighting
 + Level 11.2 Axes
 + Level 7.2 Armour
 + Level 3.0 Dodging
 + Level 1.1 Stealth
 + Level 8.1 Shields
 * Level 2.7 Evocations


You had 8 spell levels left.
You didn't know any spells.
Your spell library was empty.

Dungeon Overview and Level Annotations

Branches:
Dungeon (8/15)             Temple (1/1) D:4         Ossuary (visited)
   Lair: D:8-11

Altars:
Ashenzari
Cheibriados
Dithmenos
Elyvilon
Gozag
Hepliaklqana
Makhleb
Nemelex Xobeh
Okawaru
Qazlal
Ru
Sif Muna
Trog
Uskayaw
Vehumet
Wu Jian
Xom
Yredelemnul
Zin
The Shining One

Annotations:
D:7 4 runed translucent doors
D:8 Ndrwtcm's ghost, journeyman HOFi


Innate Abilities, Weirdness & Mutations

You reflexively headbutt those who attack you in melee.
You have a pair of horns on your head.


Message History

You feel a strong urge to attack something.
You are no longer berserk.
You are exhausted.
You feel yourself slow down. You block Ndrwtcm's ghost's attack.
Ndrwtcm's ghost keens inconsolably.
Ndrwtcm's ghost hits you but does no damage.
You block Ndrwtcm's ghost's attack.
You hit Ndrwtcm's ghost.
Ndrwtcm's ghost is almost destroyed.
Ndrwtcm's ghost hits you but does no damage.
You closely miss Ndrwtcm's ghost. You headbutt Ndrwtcm's ghost.
Ndrwtcm's ghost is almost destroyed.
You block Ndrwtcm's ghost's attack.
Ndrwtcm's ghost says, "I was once a great warrior, and I still am!"
Ndrwtcm's ghost hits you but does no damage.
You closely miss Ndrwtcm's ghost.
Ndrwtcm's ghost is almost destroyed.
Ndrwtcm's ghost hits you!
You die...

####..........#.####.###
#..................#..####
##..............#(.....#..##
#...............#..........#
####...[................###.####
.##......#............###......##
.........#............#..........
#######(##...............#.....=.
#?....#........W@................
#?≈≈≈≈'..#..................)....
#.....#.##.................#.....
##########.................###...
...#................###.....##)(†
.###................##......#.().
#####...............#..........#.
##.#....#..............###..).##.
.#......#.......)).....# ##(###..


You could see Ndrwtcm's ghost.

Vanquished Creatures
  A hippogriff (D:7)
  Sigmund (D:2)
  A water moccasin (D:7)
  2 ice beasts
  2 phantoms
  3 centaurs
  5 ogres
  Blork the orc (D:5)
  2 big kobolds (D:8)
  4 elf zombies (Ossuary)
  5 bullfrogs
  A wyvern skeleton (D:7)
  2 scorpions
  5 wights (D:7)
  3 crimson imps
  3 centaur zombies (Ossuary)
  A bullfrog zombie (D:8)
  2 jellies
  A centaur skeleton (D:4)
  2 hounds
  3 orc priests
  5 human zombies (Ossuary)
  3 orc wizards
  An iguana (D:4)
  6 worker ants
  A hound zombie (D:6)
  A hound skeleton (D:5)
  3 mummies (Ossuary)
  3 gnolls (D:8)
  2 howler monkey skeletons
  11 adders
  A shadow imp (D:8)
  5 oozes
  An adder zombie (D:8)
  3 adder skeletons
  3 worms (D:4)
  4 dart slugs (D:1)
  3 leopard geckos
  14 orcs
  4 giant cockroaches
  6 goblins
  7 hobgoblins
  13 jackals
  3 quokkas
  8 bats
  5 frilled lizards
  A jackal skeleton (D:7)
  9 kobolds
  3 rats
  A spectral orc (D:2)
180 creatures vanquished.

Notes
Turn   | Place    | Note
-------+----------+-------------------------------------------
     0 | D:1      | soggyman666 the Minotaur Fighter began the quest for the
                  | Orb.
     0 | D:1      | Reached XP level 1. HP: 19/19 MP: 0/0
   324 | D:1      | Reached XP level 2. HP: 27/27 MP: 1/1
   826 | D:1      | Reached XP level 3. HP: 30/33 MP: 2/2
  1155 | D:2      | Reached skill level 3 in Axes
  1155 | D:2      | Reached XP level 4. HP: 40/40 MP: 3/3
  1222 | D:2      | Noticed Sigmund
  1235 | D:2      | Killed Sigmund
  1235 | D:2      | Reached skill level 4 in Axes
  1235 | D:2      | Reached skill level 5 in Armour
  1235 | D:2      | Reached skill level 1 in Dodging
  1235 | D:2      | Reached XP level 5. HP: 46/47 MP: 4/4
  1605 | D:2      | Found a basalt altar of Yredelemnul.
  1844 | D:3      | Reached XP level 6. HP: 47/53 MP: 5/5
  2327 | D:4      | Reached skill level 5 in Axes
  2444 | D:4      | Found a staircase to the Ecumenical Temple.
  2534 | Temple   | Entered the Ecumenical Temple
  2655 | Temple   | Became a worshipper of Trog the Wrathful
  2740 | D:4      | Reached skill level 5 in Shields
  2870 | D:4      | Reached XP level 7. HP: 57/60 MP: 6/6
  2890 | D:4      | Reached skill level 6 in Axes
  3204 | D:5      | Entered Level 5 of the Dungeon
  3212 | D:5      | Reached skill level 5 in Fighting
  3382 | D:5      | Found a hide-covered altar of Uskayaw.
  3532 | D:5      | Noticed Blork the orc
  3542 | D:5      | Killed Blork the orc
  3542 | D:5      | Reached skill level 7 in Axes
  3685 | D:5      | Reached XP level 8. HP: 68/68 MP: 7/7
  3938 | D:5      | Reached skill level 8 in Axes
  3977 | D:5      | Reached * piety under Trog
  4116 | D:5      | Found a sparkling altar of Nemelex Xobeh.
  4644 | D:6      | Reached skill level 1 in Stealth
  4677 | D:6      | Found a sacrificial altar of Ru.
  5033 | D:6      | Found a snail-covered altar of Cheibriados.
  5204 | D:7      | Reached skill level 9 in Axes
  5205 | D:7      | Found a white marble altar of Elyvilon.
  5382 | D:7      | Found a sand-covered staircase.
  5398 | Ossuary  | Entered an ossuary
  5549 | Ossuary  | Reached XP level 9. HP: 68/75 MP: 8/8
  5686 | D:7      | Found a large runed translucent door.
  5687 | D:7      | Found a large runed translucent door.
  5693 | D:7      | Noticed a purple ugly thing
  5800 | D:7      | Reached skill level 10 in Axes
  5864 | D:7      | Found a large runed translucent door.
  5874 | D:7      | Found a large runed translucent door.
  5904 | D:7      | Reached skill level 1 in Evocations
  6002 | D:7      | Reached ** piety under Trog
  6501 | D:8      | Found a runed translucent door.
  6579 | D:8      | Reached skill level 11 in Axes
  6900 | D:8      | Found a glowing golden altar of the Shining One.
  6947 | D:8      | Reached *** piety under Trog
  7139 | D:8      | Noticed Ndrwtcm's ghost (journeyman HOFi)
  7181 | D:8      | Slain by Ndrwtcm's ghost

Illustrated notes

Levels and vault maps discovered:
D:1:      lightli_arrival_chessboard, layout_loops_corners
D:2:      minmay_wonky_spiral, layout_rooms,
          yredelemnul_forgotten_temple_becter, serial_aquarium,
          aquarium_bridge_square [aquarium_subvault_bridge,
          aquarium_subvault_bridge, aquarium_subvault_bridge,
          aquarium_subvault_wall], aquarium_window_fake, aquarium_window_1,
          aquarium_window_2, aquarium_window_corner, aquarium_view_2f,
          aquarium_view_2b, aquarium_pool_split, due_unseen_surprise,
          uniq_sigmund
D:3:      layout_loops_cross, first_ration
D:4:      layout_loops_ring, minmay_temple_entry_slanted, minmay_statues_item
D:5:      layout_gridville, nemelex_xobeh_ov_fountains_minmay,
          eat_drink_and_be_merry_uskayaw, minmay_joined_circles,
          uniq_blork_the_orc
D:6:      layout_loops_ring, lemuel_round_altar, hangedman_ru_absence
D:7:      layout_loops_cross, nicolae_overflow_crystal_walls,
          lightli_ossuary_entry_decrepit_ruins, minmay_hollow_rounded_squares
D:8:      layout_cave_pools, kennysheep_mini, ebering_ghost_reflecting_pool
Temple:   dshaligram_water_room_temple

Skill      XL: |  1  2  3  4  5  6  7  8  9 |
---------------+----------------------------+-----
Armour         | 4 5 6 7 |  7.2
Fighting       | 4 5 6 7 |  7.7
Shields        | 4 5 7 8 |  8.1
Axes           | 3 4 5 7 9 11 | 11.2
Dodging        | 1 3 |  3.0
Stealth        | 1 |  1.1
Evocations     | 2 |  2.7

Action                   |  1- 3 |  4- 6 |  7- 9 || total
-------------------------+-------+-------+-------++-------
Melee: War axe           |    71 |    85 |   375 ||   531
       Headbutt          |     9 |    13 |    76 ||    98
Invok: Berserk           |       |       |     1 ||     1
  Use: Scroll            |       |     7 |    15 ||    22
       Potion            |       |       |     1 ||     1
  Eat: Chunk             |     1 |     5 |    14 ||    20
Armor: Scale mail        |    41 |    24 |    46 ||   111
       Plate armour      |       |       |   103 ||   103
Dodge: Dodged            |    21 |    27 |   108 ||   156
Block: Kite shield       |    42 |    43 |   251 ||   336
